 Dungeon Sprint DCSS version 0.30-a0-996-ga6910c8ee8 (webtiles) character file.

Game seed: 3106811378962382019

1300000 DiggyJ the Archmage (level 15, -5/139 HPs)
             Began as a Djinni Ice Elementalist on Apr 4, 2023.
             Slain by a meat berserker
             ... wielding a +9 battleaxe
              (45 damage)
             ... in the Dungeon (Sprint VIII: "Arena of Blood").
             The game lasted 00:01:35 (13 turns).

DiggyJ the Archmage (Djinni Ice Elementalist)         Turns: 13, Time: 00:01:36

Health: -5/139     AC: 32    Str:  7    XL:     15   Next: 96%
Gold:   0          EV: 18    Int: 24    God:
                   SH:  0    Dex: 14

rFire   + + .      SeeInvis .    g - +∞ Axe of Woe
rCold   x . .      Faith    .    (shield currently unavailable)
rNeg    + . .      Spirit   .    a - melded +0 robe
rPois   ∞          Reflect  .    (no helmet)
rElec   +          Rampage  .    (no cloak)
rCorr   .          NoTele   +    (gloves currently unavailable)
Will    +....                    (boots unavailable)
Stlth   ++++                     (no amulet)
HPRegen 0.43/turn                (no ring)
MPRegen 0.00/turn                (no ring)

@: statue-form, flying, very slow
A: slow and powerful, torment resistance 1, flying, boosted hp, sickness
immunity, fire resistance 2, cold vulnerability 1, float, innate caster, HP
casting, extra vitality 1
a: End Transformation


You were in the Dungeon.
You were a living statue of rough stone.
You visited 1 branch

Inventory:

Hand Weapons
 g - the +∞ Axe of Woe (weapon)
   (You found it in the Dungeon)
Armour
 a - a +0 robe (melded)
Scrolls
 f - a scroll of blinking
Potions
 b - a potion of curing
 c - a potion of heal wounds
 d - a potion of haste
 e - a potion of berserk rage


   Skills:
 + Level 10.3 Fighting
 + Level 16.6 Axes
 + Level 13.0 Dodging
 + Level 10.0 Stealth
 O Level 27 Spellcasting


You knew the following spells:

 Your Spells              Type           Power      Damage    Failure   Level
a - Freeze                Ice            100%       1d10      0%          1
b - Frozen Ramparts       Ice            100%       1d16      0%          3
c - Ozocubu's Armour      Ice            100%       N/A       0%          3
d - Summon Ice Beast      Ice/Summ       100%       N/A       0%          4
e - Summon Small Mammal   Summ           100%       N/A       0%          1
f - Blink                 Tloc           100%       N/A       0%          2
g - Portal Projectile     Hex/Tloc       100%       N/A       0%          3
h - Flame Wave            Conj/Fire      100%       2d21      0%          4
i - Petrify               Tmut/Erth      100%       N/A       0%          4
j - Lee's Rapid Deconstr  Erth           52%        3d24*     0%          5
k - Statue Form           Tmut/Erth      69%        N/A       0%          6
Your spell library was empty.

Dungeon Overview and Level Annotations

Branches:
Dungeon (1/1)

Altars:
Makhleb


Innate Abilities, Weirdness & Mutations

You are a living statue of rough stone.
Your actions are slow, but your melee attacks are powerful.
You are resistant to unholy torment.
You are flying.
Your maximum health is greatly increased.
Your equipment is partially melded.
You are immune to sickness and miasma.
You are immune to poison.
Your flesh is very heat resistant. (rF++)
You are vulnerable to cold. (rC-)
You float through the air rather than walking.
You learn spells naturally, not from books.
Your magical power is your life essence.
You have superior vitality. (+4 MHP)


Message History

Your Axes skill gained 5 levels and is now at level 16!
Your Dodging skill gained 2 levels and is now at level 13!
Your Stealth skill gained 2 levels and is now at level 10!
A large bag of meat comes into view. It is wielding a +9 giant spiked club.
Casting: Blink (safe; 0% risk of failure)
Confirm with . or Enter, or press ? or * to list all spells.
You blink.
A bag of meat comes into view. It is wielding a +9 war axe.
The bag of meat shouts! x3; You hear a shout! x9
A bag of meat comes into view. It is wielding a +9 war axe.
You hear a shout! x3
The large bag of meat moves out of view.
You hear a shout!
Casting: Blink (safe; 0% risk of failure)
Confirm with . or Enter, or press ? or * to list all spells.
You turn into a living statue of rough stone.
Your +0 robe melds into your body.
The bag of meat shouts!
* * * LOW HITPOINT WARNING * * *
The bag of meat appears out of thin air!
A bag of meat comes into view. It is wielding a +9 war axe.
You hear a shout! x8
A meat berserker comes into view. It is wielding a +9 battleaxe.
You hear a shout! x2
You slice the bag of meat!!
You dissect the bag of meat like a pig carcass.
You kill the bag of meat!
You hit the bag of meat but do no damage.
You chop the bag of meat into pieces.
You kill the bag of meat!
You hit the bag of meat.
You butcher the bag of meat messily.
You kill the bag of meat!
You hear a shout! x7
A bag of meat comes into view. It is wielding a +9 war axe.
You hear a shout! x4
The meat berserker hits you with a +9 battleaxe.
* * * LOW HITPOINT WARNING * * *
You hear a shout! x4
The meat berserker hits you with a +9 battleaxe!!!
You die...

.Ooo..........
.............
............ .
........... ..
.......... ...
#.......# ....
#.....).# .....
.###....)..###o.....
......###))O8O......
......_.....)......
...#...oo#.......#.
#_oo._#....o....
#.o)..#......#.#
O......o_............
.oO....###.........#.
..###.. o..###..... .
#.. ..#


You could see 2 meat berserkers and 8 bags of meat.

Vanquished Creatures
  3 ogres (D)
  8 orcs (D)
11 creatures vanquished.

Notes
Turn   | Place    | Note
-------+----------+-------------------------------------------
     0 | D        | Found the +∞ Axe of Woe
     0 | D        | DiggyJ the Djinni Ice Elementalist began the quest for the
                  | Orb.
     0 | D        | DiggyJ set off with the following spells memorised: Freeze,
                  | Frozen Ramparts, Ozocubu's Armour, Summon Ice Beast.
     0 | D        | Reached XP level 1. HP: 15/15 MP: 0/0
     0 | D        | Noticed a meat berserker
     1 | D        | Noticed a bag of meat
     1 | D        | Noticed a bag of meat
     3 | D        | Killed a meat berserker
     3 | D        | Noticed a meat berserker
     3 | D        | Noticed a meat berserker
     4 | D        | Reached skill level 5 in Stealth
     4 | D        | Reached skill level 21 in Spellcasting
     4 | D        | Reached XP level 2. HP: 21/21 MP: 0/0
     4 | D        | Reached XP level 3. HP: 25/25 MP: 0/0
     4 | D        | Learned a level 1 spell: Summon Small Mammal
     4 | D        | Reached XP level 4. HP: 31/31 MP: 0/0
     4 | D        | Reached XP level 5. HP: 35/35 MP: 0/0
     4 | D        | Learned a level 2 spell: Blink
     4 | D        | Reached XP level 6. HP: 40/40 MP: 0/0
     4 | D        | Reached XP level 7. HP: 45/45 MP: 0/0
     4 | D        | Learned a level 3 spell: Portal Projectile
     4 | D        | Reached XP level 8. HP: 50/50 MP: 0/0
     4 | D        | Reached XP level 9. HP: 55/55 MP: 0/0
     4 | D        | Learned a level 4 spell: Flame Wave
     4 | D        | Reached XP level 10. HP: 60/60 MP: 0/0
     4 | D        | Reached XP level 11. HP: 65/65 MP: 0/0
     4 | D        | Learned a level 4 spell: Petrify
     4 | D        | Reached XP level 12. HP: 70/70 MP: 0/0
     4 | D        | Noticed a bag of meat
     4 | D        | Noticed a bag of meat
     4 | D        | Noticed a bag of meat
     4 | D        | Noticed a bag of meat
     5 | D        | Noticed a bag of meat
     6 | D        | Noticed a bag of meat
     7 | D        | Killed a bag of meat
     7 | D        | Killed a bag of meat
     8 | D        | Reached skill level 24 in Spellcasting
     8 | D        | Reached XP level 13. HP: 45/80 MP: 0/0
     8 | D        | Learned a level 5 spell: Lee's Rapid Deconstruction
     8 | D        | Killed a bag of meat
     8 | D        | Noticed a bag of meat
     8 | D        | Noticed a bag of meat
     9 | D        | Reached skill level 25 in Spellcasting
     9 | D        | Reached XP level 14. HP: 31/87 MP: 0/0
     9 | D        | Killed a meat berserker
     9 | D        | Killed a bag of meat
     9 | D        | Noticed a meat berserker
     9 | D        | Noticed a bag of meat
    10 | D        | Reached skill level 27 in Spellcasting
    10 | D        | Reached XP level 15. HP: 35/99 MP: 0/0
    10 | D        | Learned a level 6 spell: Statue Form
    10 | D        | Killed a meat berserker
    11 | D        | Reached skill level 10 in Fighting
    11 | D        | Reached skill level 10 in Stealth
    11 | D        | Noticed a large bag of meat
    12 | D        | Noticed a meat berserker
    13 | D        | Slain by a meat berserker

Illustrated notes

Levels and vault maps discovered:
D:        meatsprint

Skill      XL: |  1  2  3  4  5  6  7  8  9 10 11 12 13 14 15 |
---------------+----------------------------------------------+-----
Axes           | 4 6 7 11 16 | 16.6
Dodging        | 7 8 9 11 13 | 13.0
Stealth        | 5 6 7 8 10 | 10.0
Spellcasting   | 21 24 25 27 | 27.0
Fighting       | 2 3 6 10 | 10.3

Action                     |  1- 3 |  4- 6 |  7- 9 | 10-12 | 13-15 || total
---------------------------+-------+-------+-------+-------+-------++-------
  Melee: Executioner's axe |     1 |       |       |     1 |     4 ||     6
   Cast: Blink             |       |       |       |     1 |     1 ||     2
         Statue Form       |       |       |       |       |     1 ||     1

Table legend: (Time is in decaauts)
 A = Elapsed time spent in this place.
 B = Non-inter-level travel time spent in this place.
 C = Inter-level travel time spent in this place.
 D = Time resting spent in this place.
 E = Time spent auto-exploring this place.
 F = Levels seen in this place.
 G = Mean time per level.
                   A        B        C        D        E       F      G
               +--------+--------+--------+--------+--------+-----+--------+
         Total |     15 |     15 |      0 |      0 |      0 |   1 |   15.0 |
       Dungeon |     15 |     15 |      0 |      0 |      0 |   1 |   15.0 |
               +--------+--------+--------+--------+--------+-----+--------+

Top non-repeatable levels by time:
       D: 15 daAuts
